 Dungeon Crawl Stone Soup version 0.23.0 (webtiles) character file.

Game seed: 4358056688377380372

165 Faca the Shooter (level 5, -2/46 HPs)
             Began as a Centaur Hunter on Feb 13, 2019.
             Killed by divine providence
             ... invoked by an orc priest
              (11 damage)
             ... on level 3 of the Dungeon.
             The game lasted 00:05:24 (3667 turns).

Faca the Shooter (Centaur Hunter)                   Turns: 3667, Time: 00:05:25

Health: -2/46      AC:  7    Str: 16    XL:     5   Next: 22%
Magic:  5/5        EV:  8    Int: 10    God:
Gold:   111        SH:  0    Dex:  9    Spells: 4/4 levels left

rFire    . . .     SeeInvis +   r - +0 spear
rCold    . . .     Gourm    .   (no shield)
rNeg     . . .     Faith    .   j - +0 ring mail
rPois    .         Spirit   .   i - +1 helmet {SInv}
rElec    .         Reflect  .   (no cloak)
rCorr    .         Harm     .   (no gloves)
MR       .....                  (no barding)
Stlth    ..........             (no amulet)
HPRegen  0.15/turn              (no ring)
MPRegen  0.09/turn              (no ring)

@: very quick
A: large, hooves 3, deformed body, speed 2, tough skin 3
a: no special abilities


You were on level 3 of the Dungeon.
You were not hungry.

You visited 1 branch of the dungeon, and saw 3 of its levels.

You collected 111 gold pieces.

Inventory:

Hand Weapons
 a - a +1 shortbow
 o - a +2 halberd of venom
 r - a +0 spear (weapon)
Missiles
 d - 32 arrows
Armour
 i - a +1 helmet of see invisible (worn)
 j - a +0 ring mail (worn)
Scrolls
 c - 5 scrolls of teleportation {unknown}
 g - 3 scrolls of enchant weapon {unknown}
 h - 3 scrolls of identify {unknown}
 k - a scroll of amnesia {unknown}
 l - a scroll of fog {unknown}
 m - 3 scrolls of remove curse {unknown}
 t - a scroll of magic mapping {unknown}
 u - a scroll of random uselessness {unknown}
 v - a scroll of enchant armour {unknown}
Potions
 b - a potion of brilliance {unknown}
 e - a potion of might {unknown}
 n - a potion of lignification {unknown}
 p - a potion of heal wounds {unknown}
 q - 3 potions of curing {unknown}
 s - a potion of resistance {unknown}
Comestibles
 f - 6 rations


   Skills:
 + Level 3.9 Fighting
 * Level 1.7 Polearms
 - Level 6.7 Bows
 - Level 1.3 Dodging
 - Level 0.4 Stealth


You had 4 spell levels left.
You didn't know any spells.
Your spell library was empty.

Dungeon Overview and Level Annotations

Branches:
Dungeon (3/15)

Altars:


Innate Abilities, Weirdness & Mutations

You have hooves in place of feet.
Armour fits poorly on your strangely shaped body.
You cover ground very quickly.
You have extremely tough skin. (AC +3)


Message History

You are too injured to fight recklessly!
You are too injured to fight recklessly!
You are too injured to fight recklessly!
The orc priest calls down the wrath of Beogh upon you.
Beogh smites you!
* * * LOW HITPOINT WARNING * * *
You barely miss the orc priest.
The orc priest hits you but does no damage.
Your ring mail prevents you from hitting the orc priest.
The orc priest completely misses you.
You hit the orc priest but do no damage.
You kick the orc priest.
The orc priest is moderately wounded.
The orc priest hits you but does no damage.
You hit the orc priest but do no damage.
You kick the orc priest, but do no damage.
The orc priest is moderately wounded.
The orc priest invokes the aid of Beogh against you.
Beogh smites you!
You die...

#.....รท...#.################
#####....[(# ...... #......#
############# #......#
#)........### #......#
#..........o. #......#
#........o### ##+#<)#.#
##.........#
#.......#.##........o#
#......@o.##....)....# .
#.......#######...()o#..
#......>.... +.....K'..
#......##### #...$..#Kw
#......# #......#.. #......#
#......# . #......# #......#
#......# ########


You could see an orc priest.

Vanquished Creatures
  4 gnolls (D:2)
  5 adders (D:2)
  A worm (D:2)
  2 dart slugs
  3 leopard geckos
  4 orcs (D:3)
  9 bats
  4 giant cockroaches
  6 goblins
  13 hobgoblins
  4 jackals (D:1)
  4 kobolds
  A quokka (D:2)
  A ball python (D:2)
  4 frilled lizards
  4 rats
69 creatures vanquished.

Notes
Turn   | Place    | Note
-------+----------+-------------------------------------------
     0 | D:1      | Faca the Centaur Hunter began the quest for the Orb.
     0 | D:1      | Reached XP level 1. HP: 17/17 MP: 1/1
   418 | D:1      | Reached XP level 2. HP: 22/25 MP: 2/2
   974 | D:1      | Reached skill level 6 in Bows
   979 | D:1      | Reached XP level 3. HP: 10/30 MP: 3/3
  1678 | D:2      | Found a faded altar of an unknown god.
  1804 | D:2      | Reached XP level 4. HP: 33/38 MP: 4/4
  2514 | D:2      | Reached skill level 1 in Polearms
  2605 | D:2      | Reached XP level 5. HP: 44/46 MP: 5/5
  3667 | D:3      | Killed from afar by an orc priest

Skill      XL: |  1  2  3  4 |
---------------+-------------+-----
Bows           | 6 |  6.7
Fighting       | 3 |  3.9
Polearms       | 1 |  1.7
Dodging        | |  1.3
Stealth        | |  0.4

Action                   |  1- 3 |  4- 6 || total
-------------------------+-------+-------++-------
Melee: Short sword       |   129 |       ||   129
       Kick              |    22 |    17 ||    39
       Halberd           |       |    70 ||    70
       Spear             |       |    48 ||    48
 Fire: Shortbow          |       |     6 ||     6
  Eat: Chunk             |     2 |     2 ||     4
       Ration            |       |     1 ||     1
Armor: Leather armour    |    30 |       ||    30
       Ring mail         |    52 |    70 ||   122
Dodge: Dodged            |    82 |    57 ||   139
